 Dungeon Crawl Stone Soup version 0.18.1-48-g4cf74bf (webtiles) character file.

112 Alarkh the Cudgeler (level 4, -1/33 HPs)
             Began as a Mummy Skald on Aug 16, 2016.
             Was an Initiate of Okawaru.
             Slain by an orc
             ... wielding a +0 mace
              (8 damage)
             ... on level 3 of the Dungeon on Aug 17, 2016.
             The game lasted 00:03:01 (2141 turns).

Alarkh the Cudgeler (Mummy Skald)                   Turns: 2141, Time: 00:03:02

Health: -1/33      AC:  4    Str: 15    XL:     4   Next: 63%
Magic:  5/7        EV: 11    Int: 12    God:    Okawaru [......]
Gold:   83         SH:  0    Dex: 11    Spells: 3 memorised, 1 level left

rFire  x . .     SeeInvis +     a - +0 mace
rCold  + . .     Gourm    .     b - +0 leather armour
rNeg   + + +     Faith    .     (no shield)
rPois  ∞         Spirit   .     (no helmet)
rElec  .         Dismiss  .     f - +0 cloak
rCorr  .         Reflect  .     (no gloves)
SustAt .         Harm     .     (no boots)
MR     .....                    (no amulet)
Stlth  +.........               (no ring)
                                g - ring of see invisible

@: infused (expiring), not resistant to hostile enchantments, very unstealthy
A: no food or potions, fire vulnerability, cold resistance 1, negative energy
resistance 3, torment resistance, unbreathing
a: Renounce Religion


You were on level 3 of the Dungeon.
You worshipped Okawaru.
Okawaru was noncommittal.
You were not hungry.

You visited 1 branch of the dungeon, and saw 3 of its levels.

You collected 83 gold pieces.

Inventory:

Hand Weapons
 a - a +0 mace (weapon)
 e - a +2 mace of holy wrath
Armour
 b - a +0 leather armour (worn)
 f - a +0 cloak (worn)
Jewellery
 g - a ring of see invisible (left hand)
Scrolls
 d - a scroll of recharging {unknown}
 h - a scroll of remove curse
 j - a scroll of magic mapping {unknown}
Books
 c - a book of Battle

   Spells                             Type                      Level
   a - Infusion                       Charms                       1
   b - Shroud of Golubria             Charms/Translocation         2
   c - Song of Slaying                Charms                       2
   d - Spectral Weapon                Hexes/Charms                 3
   e - Regeneration                   Charms/Necromancy            3


   Skills:
 - Level 2.0 Fighting
 + Level 4.0 Maces & Flails
 - Level 0.7 Armour
 - Level 0.7 Dodging
 - Level 2.0 Spellcasting
 - Level 2.4 Charms


You had one spell level left.
You knew the following spells:

 Your Spells              Type           Power        Failure   Level  Hunger
a - Infusion              Chrm           #...         14%         1    N/A
b - Shroud of Golubria    Chrm/Tloc      #.........   34%         2    N/A
c - Spectral Weapon       Hex/Chrm       #.......     69%         3    N/A

Dungeon Overview and Level Annotations

Branches:
Dungeon (3/15)

Altars:
Okawaru


Innate Abilities, Weirdness & Mutations

You do not eat or drink.
Your flesh is vulnerable to fire.
You are immune to poison.
Your flesh is cold resistant.
You are immune to negative energy.
You are immune to unholy pain and torment.
You can survive without breathing.


Message History

You see here a club.
You hit the goblin.
You kill the goblin!
Okawaru accepts your kill.
You barely miss the orc. The orc hits you with a mace.
You closely miss the orc. The orc barely misses you.
You closely miss the orc. The orc hits you with a mace.
You are too injured to fight recklessly!
You closely miss the orc. The orc hits you with a mace.
You hit the orc.
The orc is heavily wounded.
Your magical infusion is running out.
The orc hits you with a mace.
* * * LOW HITPOINT WARNING * * *
You barely miss the orc.
The orc is heavily wounded.
The orc hits you but does no damage.
You see here 2 stones.
The orc hits you with a mace!
You die...

....# ####..## #.#
#.#.# #..>.#.###.#
#.!.. #.##........
..#.# #.##.#.###.#
#.#.# #.##.#.# #.#
#)#.# #.##.#.# #.#
#)#.# #.##.#.# #.#
#.#o.#####.##.#.###.#
%.###@.......#.......#
###
#..####.........###
#....# #...###.#.###
#....# ##.## #......
#....# #.# ###.##.
#..### #.# #...#. #..
#.# ###...#. #..
#.###....... #..
.....(......


You could see an orc.

Vanquished Creatures
  Ijyb (D:2)
  An adder (D:2)
  2 oozes (D:3)
  2 worms (D:2)
  2 dart slugs
  4 giant geckos
  An orc (D:3)
  A ball python (D:1)
  4 giant cockroaches
  5 goblins
  3 hobgoblins
  4 jackals (D:1)
  6 bats
  3 giant newts
  9 kobolds
  7 rats
55 creatures vanquished.

Notes
Turn   | Place    | Note
--------------------------------------------------------------
     0 | D:1      | Alarkh the Mummy Skald began the quest for the Orb.
     0 | D:1      | Reached XP level 1. HP: 16/16 MP: 3/3
   204 | D:1      | Reached skill level 2 in Maces & Flails
   213 | D:1      | Reached XP level 2. HP: 2/22 MP: 0/5
   789 | D:2      | Noticed Ijyb
   807 | D:2      | Killed Ijyb
   807 | D:2      | Reached skill level 3 in Maces & Flails
   807 | D:2      | Reached XP level 3. HP: 14/27 MP: 0/6
   904 | D:2      | Found an iron altar of Okawaru.
   913 | D:2      | Became a worshipper of Warmaster Okawaru
  1045 | D:2      | Learned a level 2 spell: Shroud of Golubria
  1055 | D:2      | Learned a level 3 spell: Spectral Weapon
  1247 | D:2      | Reached XP level 4. HP: 32/33 MP: 4/7
  2058 | D:3      | Reached skill level 4 in Maces & Flails
  2141 | D:3      | Slain by an orc

Skill      XL: |  1  2  3  4 |
---------------+-------------+-----
Maces & Flails | 2 3 4 |  4.0
Fighting       | |  2.0
Armour         | |  0.7
Dodging        | |  0.7
Spellcasting   | |  2.0
Charms         | |  2.4

Action                   |  1- 3 |  4- 6 || total
-------------------------+-------+-------++-------
Melee: Mace              |    82 |   108 ||   190
 Cast: Infusion          |    14 |     8 ||    22
  Use: Scroll            |       |     1 ||     1
Armor: Leather armour    |    27 |    47 ||    74
Dodge: Dodged            |    49 |    74 ||   123
